| TOP OF THE 1ST |
|
Miami (APP) Marlins batting - Pitching for San Francisco (APP) Giants : LHP Chong-yeol Wong
|
|
Pitching: LHP Chong-yeol Wong
|
|
|
Batting: RHB Adrian Bocker
|
0-0: Ball 1-0: Ball 2-0: Foul Ball, location: 2F 2-1: Ground out 6-3 (Groundball, 6, EV 98.1 MPH)
|
|
Batting: RHB Jason Thrash
|
0-0: Ball 1-0: Foul Ball, location: 2F 1-1: Ball 2-1: Ball 3-1: Base on Balls
|
|
Batting: RHB Mario Cota
|
0-0: Called Strike 0-1: Foul Ball, location: 2F 0-2: Strikes out looking
|
|
Batting: SHB Matt Moore
|
0-0: Ball 1-0: Ground out 5-3 (Groundball, 5S, EV 86.3 MPH)
|
| Top of the 1st over - 0 runs, 0 hits, 0 errors, 1 left on base; Miami (APP) 0 - San Francisco (APP) 0 |
| BOTTOM OF THE 1ST |
|
San Francisco (APP) Giants batting - Pitching for Miami (APP) Marlins : RHP Adam Brown
|
|
Pitching: RHP Adam Brown
|
|
|
Batting: RHB Bill Defazio
|
0-0: Called Strike 0-1: Swinging Strike 0-2: Ball 1-2: Strikes out swinging
|
|
Batting: SHB David Barona
|
0-0: Ball 1-0: Ball 2-0: Ball 3-0: Called Strike 3-1: Base on Balls
|
|
Batting: LHB Al Hernandez
|
0-0: Foul Ball, location: 2F 0-1: Foul Ball, location: 2F 0-2: Ball 1-2: Strikes out looking
|
|
Batting: RHB Jason Gregor
|
0-0: Called Strike 0-1: Called Strike 0-2: Ball Wild Pitch! David Barona to second 1-2: Ball 2-2: SINGLE (Flyball, 56D, EV 95.0 MPH) David Barona to third Throwing error, E7 David Barona scores Jason Gregor to second
|
|
Pitching: RHP Matt Alexander
|
|
|
Batting: RHB Edwin Verdugo
|
0-0: Swinging Strike 0-1: Swinging Strike 0-2: Ball 1-2: Strikes out swinging
|
| Bottom of the 1st over - 1 run, 1 hit, 1 error, 1 left on base; Miami (APP) 0 - San Francisco (APP) 1 |
| TOP OF THE 2ND |
|
Miami (APP) Marlins batting - Pitching for San Francisco (APP) Giants : LHP Chong-yeol Wong
|
|
Batting: RHB Keith Bennett
|
0-0: Foul Ball, location: 2F 0-1: Ball 1-1: Foul Ball, location: 2F 1-2: Foul Ball, location: 2F 1-2: Strikes out swinging
|
|
Batting: RHB Rick Knoblauch
|
0-0: Called Strike 0-1: Ball 1-1: SINGLE (Line Drive, 56D, EV 95.6 MPH)
|
|
Batting: LHB Gavrilo Brkic
|
0-0: Ball 1-0: Fly out, F7 (Flyball, 7S, EV 93.1 MPH)
|
|
Batting: LHB Melvin Castro
|
0-0: Swinging Strike 0-1: Called Strike 0-2: Ball 1-2: Foul Ball, location: 2F 1-2: Ball 2-2: Strikes out swinging
|
| Top of the 2nd over - 0 runs, 1 hit, 0 errors, 1 left on base; Miami (APP) 0 - San Francisco (APP) 1 |
| BOTTOM OF THE 2ND |
|
San Francisco (APP) Giants batting - Pitching for Miami (APP) Marlins : RHP Matt Alexander
|
|
Batting: RHB Teruhide Horiuchi
|
0-0: Hit by Pitch
|
|
Batting: RHB Frank Pena
|
0-0: Ball 1-0: Called Strike 1-1: Called Strike Teruhide Horiuchi steals 2nd base 1-2: Ball 2-2: Ball 3-2: Base on Balls
|
|
Batting: RHB David Andrews
|
0-0: Foul Ball, location: 2F 0-1: Called Strike 0-2: Ball 1-2: Foul Ball, location: 2F 1-2: Foul Ball, location: 2F 1-2: Ball 2-2: Ball 3-2: 3-RUN HOME RUN (Flyball, 78XD, EV 107.5 MPH), Distance : 430 ft
|
|
Pitching: LHP Tyler Murders
|
|
|
Batting: RHB Sadataka Kuwahara
|
0-0: Called Strike 0-1: Swinging Strike 0-2: Ball 1-2: Ball 2-2: Ball 3-2: Foul Ball, location: 2F 3-2: Strikes out swinging
|
|
Batting: RHB Bill Defazio
|
0-0: DOUBLE (Flyball, 8LXD, EV 93.1 MPH)
|
|
Batting: SHB David Barona
|
0-0: Ball 1-0: Called Strike 1-1: Ball 2-1: Ball 3-1: DOUBLE (Line Drive, 89XD, EV 108.8 MPH) Bill Defazio scores
|
|
Batting: LHB Al Hernandez
|
0-0: Ball 1-0: Ball 2-0: Foul Ball, location: 2F 2-1: SINGLE (Flyball, 9S, EV 90.0 MPH) David Barona to third
|
|
Batting: RHB Jason Gregor
|
0-0: Ball 1-0: Ball 2-0: Called Strike 2-1: Ball 3-1: Base on Balls Al Hernandez to second
|
|
Batting: RHB Edwin Verdugo
|
0-0: SINGLE (Groundball, 56S, EV 70.6 MPH) (infield hit) David Barona scores Al Hernandez to third Jason Gregor to second
|
|
Batting: RHB Teruhide Horiuchi
|
0-0: Ball 1-0: SINGLE (Groundball, 6MD, EV 90.6 MPH) (infield hit) Al Hernandez scores Jason Gregor to third Edwin Verdugo to second
|
|
Batting: RHB Frank Pena
|
0-0: Ball 1-0: Called Strike 1-1: Swinging Strike 1-2: Foul Ball, location: 2F 1-2: Strikes out swinging
|
|
Batting: RHB David Andrews
|
0-0: Ball 1-0: Ball 2-0: Called Strike 2-1: Ball 3-1: Foul Ball, location: 2F 3-2: Base on Balls Jason Gregor scores Edwin Verdugo to third Teruhide Horiuchi to second
|
|
Batting: RHB Sadataka Kuwahara
|
0-0: TRIPLE (Line Drive, 9LD, EV 107.5 MPH) Edwin Verdugo scores Teruhide Horiuchi scores David Andrews scores
|
|
Pitching: RHP Jeremy Akande
|
|
|
Batting: RHB Bill Defazio
|
0-0: Swinging Strike 0-1: Swinging Strike 0-2: Ball 1-2: Foul Ball, location: 2F 1-2: Strikes out swinging
|
| Bottom of the 2nd over - 10 runs, 7 hits, 0 errors, 1 left on base; Miami (APP) 0 - San Francisco (APP) 11 |
| TOP OF THE 3RD |
|
Miami (APP) Marlins batting - Pitching for San Francisco (APP) Giants : LHP Chong-yeol Wong
|
|
Batting: LHB Bryan Wedge
|
0-0: Called Strike 0-1: Ball 1-1: Ball 2-1: Foul Ball, location: 2F 2-2: Foul Ball, location: 2F 2-2: Strikes out swinging
|
|
Batting: RHB Adrian Bocker
|
0-0: Ball 1-0: Swinging Strike 1-1: Foul Ball, location: 2F 1-2: Strikes out swinging
|
|
Batting: RHB Jason Thrash
|
0-0: Called Strike 0-1: Swinging Strike 0-2: Foul Ball, location: 2F 0-2: Strikes out swinging
|
| Top of the 3rd over - 0 runs, 0 hits, 0 errors, 0 left on base; Miami (APP) 0 - San Francisco (APP) 11 |
| BOTTOM OF THE 3RD |
|
San Francisco (APP) Giants batting - Pitching for Miami (APP) Marlins : RHP Jeremy Akande
|
|
Batting: SHB David Barona
|
0-0: Called Strike 0-1: Swinging Strike 0-2: Fly out, F9 (Flyball, 9D, EV 89.4 MPH)
|
|
Batting: LHB Al Hernandez
|
0-0: Called Strike 0-1: Ball 1-1: SINGLE (Groundball, 15S, EV 69.4 MPH) (infield hit)
|
|
Batting: RHB Jason Gregor
|
0-0: Ball 1-0: Ball 2-0: Called Strike 2-1: Ball 3-1: Called Strike 3-2: Foul Ball, location: 2F 3-2: Base on Balls Al Hernandez to second
|
|
Pitching: LHP Mike Wasson
|
|
|
Batting: RHB Edwin Verdugo
|
0-0: Ball 1-0: Ball 2-0: Ball 3-0: Called Strike 3-1: Called Strike 3-2: Foul Ball, location: 2F 3-2: Strikes out swinging
|
|
Batting: RHB Teruhide Horiuchi
|
0-0: Swinging Strike 0-1: Ball 1-1: Ball 2-1: Foul Ball, location: 2F 2-2: SINGLE (Groundball, 4MD, EV 101.9 MPH) Al Hernandez to third Jason Gregor to second
|
|
Batting: RHB Frank Pena
|
0-0: Ball 1-0: Called Strike 1-1: Ball 2-1: Called Strike 2-2: SINGLE (Line Drive, 6D, EV 100.6 MPH) Al Hernandez scores Jason Gregor to third Teruhide Horiuchi to second
|
|
Batting: RHB David Andrews
|
0-0: Foul Ball, location: 2F 0-1: Ball 1-1: Foul Ball, location: 2F 1-2: Strikes out looking
|
| Bottom of the 3rd over - 1 run, 3 hits, 0 errors, 3 left on base; Miami (APP) 0 - San Francisco (APP) 12 |
| TOP OF THE 4TH |
|
Miami (APP) Marlins batting - Pitching for San Francisco (APP) Giants : LHP Chong-yeol Wong
|
|
Batting: RHB Mario Cota
|
0-0: Ball 1-0: Ground out 6-3 (Groundball, 6, EV 83.8 MPH)
|
|
Batting: SHB Matt Moore
|
0-0: Called Strike 0-1: Called Strike 0-2: Ball 1-2: Strikes out swinging, 2-3 out at first.
|
|
Batting: RHB Keith Bennett
|
0-0: Ball 1-0: Swinging Strike 1-1: Foul Ball, location: 2F 1-2: Ball 2-2: Ball 3-2: Strikes out swinging
|
| Top of the 4th over - 0 runs, 0 hits, 0 errors, 0 left on base; Miami (APP) 0 - San Francisco (APP) 12 |
| BOTTOM OF THE 4TH |
|
San Francisco (APP) Giants batting - Pitching for Miami (APP) Marlins : LHP Mike Wasson
|
|
Batting: RHB Sadataka Kuwahara
|
0-0: Ball 1-0: Ball 2-0: Foul Ball, location: 2F 2-1: Ball 3-1: Fly out, F9 (Flyball, 89S, EV 85.6 MPH)
|
|
Batting: RHB Bill Defazio
|
0-0: Ball 1-0: Ground out 4-3 (Groundball, 4, EV 83.1 MPH)
|
|
Batting: SHB David Barona
|
0-0: Ball 1-0: Called Strike 1-1: Called Strike 1-2: Ball 2-2: SINGLE (Line Drive, 7LS, EV 109.4 MPH)
|
|
Batting: LHB Al Hernandez
|
0-0: Swinging Strike 0-1: Ball 1-1: Ball 2-1: Ball 3-1: Base on Balls David Barona to second
|
|
Batting: RHB Jason Gregor
|
0-0: Swinging Strike 0-1: Foul Ball, location: 2F 0-2: Ball 1-2: Foul Ball, location: 2F 1-2: Ball 2-2: Strikes out swinging
|
| Bottom of the 4th over - 0 runs, 1 hit, 0 errors, 2 left on base; Miami (APP) 0 - San Francisco (APP) 12 |
| TOP OF THE 5TH |
|
Miami (APP) Marlins batting - Pitching for San Francisco (APP) Giants : LHP Chong-yeol Wong
|
|
Batting: RHB Rick Knoblauch
|
0-0: Called Strike 0-1: Ground out 6-3 (Groundball, 6, EV 95.0 MPH)
|
|
Batting: LHB Gavrilo Brkic
|
0-0: Ball 1-0: Ball 2-0: Called Strike 2-1: Foul Ball, location: 2F 2-2: Ball 3-2: Base on Balls
|
|
Batting: LHB Melvin Castro
|
0-0: Fielders Choice at 2nd, 5-4 (Groundball, 5, EV 84.4 MPH)
|
|
Batting: LHB Bryan Wedge
|
0-0: Fly out, F8 (Flyball, 8RM, EV 90.6 MPH)
|
| Top of the 5th over - 0 runs, 0 hits, 0 errors, 1 left on base; Miami (APP) 0 - San Francisco (APP) 12 |
| BOTTOM OF THE 5TH |
|
San Francisco (APP) Giants batting - Pitching for Miami (APP) Marlins : LHP Mike Wasson
|
|
Batting: RHB Edwin Verdugo
|
0-0: Called Strike 0-1: Ball 1-1: Foul Ball, location: 2F 1-2: Ball 2-2: Foul Ball, location: 2F 2-2: Hit by Pitch
|
|
Batting: RHB Teruhide Horiuchi
|
0-0: Ball 1-0: SINGLE (Groundball, 34, EV 96.3 MPH) Edwin Verdugo to second
|
|
Batting: RHB Frank Pena
|
0-0: Foul Ball, location: 2F 0-1: Foul Ball, location: 2F 0-2: TRIPLE (Flyball, 89XD, EV 101.3 MPH) Edwin Verdugo scores Teruhide Horiuchi scores
|
|
Batting: RHB David Andrews
|
0-0: Ball 1-0: Ball 2-0: Ball 3-0: Called Strike 3-1: Fly out, F8 (Flyball, 8LXD, EV 93.8 MPH) Runner from 3rd tags up, SCORES, no throw by CF
|
|
Batting: RHB Sadataka Kuwahara
|
0-0: Ball 1-0: Ball 2-0: Ball 3-0: Called Strike 3-1: Base on Balls
|
|
Batting: RHB Bill Defazio
|
0-0: Ball 1-0: Ball 2-0: 2-RUN HOME RUN (Flyball, 7D, EV 99.4 MPH), Distance : 377 ft
|
|
Batting: SHB David Barona
|
0-0: Ball 1-0: Ball 2-0: Swinging Strike 2-1: Foul Ball, location: 2F 2-2: Strikes out swinging
|
|
Batting: LHB Al Hernandez
|
0-0: Foul Ball, location: 2F 0-1: Ball 1-1: Called Strike 1-2: Strikes out swinging
|
| Bottom of the 5th over - 5 runs, 3 hits, 0 errors, 0 left on base; Miami (APP) 0 - San Francisco (APP) 17 |
| TOP OF THE 6TH |
|
Miami (APP) Marlins batting - Pitching for San Francisco (APP) Giants : LHP Chong-yeol Wong
|
|
Batting: RHB Adrian Bocker
|
0-0: Ball 1-0: Ball 2-0: Called Strike 2-1: Foul Ball, location: 2F 2-2: Ball 3-2: Strikes out swinging
|
|
Batting: RHB Jason Thrash
|
0-0: Ball 1-0: SINGLE (Groundball, 34D, EV 97.5 MPH)
|
|
Batting: RHB Mario Cota
|
0-0: Ball 1-0: Ball 2-0: Called Strike 2-1: Ball 3-1: Swinging Strike 3-2: Strikes out looking
|
|
Batting: SHB Matt Moore
|
0-0: Ball 1-0: SINGLE (Groundball, 56D, EV 97.5 MPH) Jason Thrash to second
|
|
Batting: RHB Keith Bennett
|
0-0: Swinging Strike 0-1: Ball 1-1: Called Strike 1-2: Strikes out swinging
|
| Top of the 6th over - 0 runs, 2 hits, 0 errors, 2 left on base; Miami (APP) 0 - San Francisco (APP) 17 |
| BOTTOM OF THE 6TH |
|
San Francisco (APP) Giants batting - Pitching for Miami (APP) Marlins : LHP Mike Wasson
|
|
Batting: RHB Jason Gregor
|
0-0: Ball 1-0: Ball 2-0: Ball 3-0: Base on Balls
|
|
Batting: RHB Edwin Verdugo
|
0-0: Called Strike 0-1: Ball 1-1: Fielders Choice at 2nd, 5-4 (Groundball, 56, EV 81.9 MPH)
|
|
Batting: RHB Teruhide Horiuchi
|
0-0: Called Strike 0-1: Fielders Choice at 2nd, 4-6 (Groundball, 4, EV 87.5 MPH)
|
|
Batting: RHB Frank Pena
|
0-0: Fly out, F7 (Flyball, 78S, EV 85.6 MPH)
|
| Bottom of the 6th over - 0 runs, 0 hits, 0 errors, 1 left on base; Miami (APP) 0 - San Francisco (APP) 17 |
| TOP OF THE 7TH |
|
Miami (APP) Marlins batting - Pitching for San Francisco (APP) Giants : LHP Chong-yeol Wong
|
|
Batting: RHB Rick Knoblauch
|
0-0: Called Strike 0-1: Ball 1-1: Ball 2-1: Ball 3-1: SINGLE (Line Drive, 8LS, EV 95.0 MPH)
|
|
Batting: LHB Gavrilo Brkic
|
0-0: Bunted foul 0-1: Sac Bunt to 15S - play at first, batter OUT! 1-4 Rick Knoblauch to second
|
|
Batting: LHB Melvin Castro
|
0-0: Ball 1-0: Foul Ball, location: 2F 1-1: Ball 2-1: Foul Ball, location: 2F 2-2: Ground out 6-3 (Groundball, 6, EV 101.9 MPH)
|
|
Batting: LHB Bryan Wedge
|
0-0: Ball 1-0: Called Strike 1-1: Swinging Strike 1-2: Foul Ball, location: 2F 1-2: Foul Ball, location: 2F 1-2: Strikes out looking
|
| Top of the 7th over - 0 runs, 1 hit, 0 errors, 1 left on base; Miami (APP) 0 - San Francisco (APP) 17 |
| BOTTOM OF THE 7TH |
|
San Francisco (APP) Giants batting - Pitching for Miami (APP) Marlins : LHP Mike Wasson
|
|
Batting: RHB David Andrews
|
0-0: SOLO HOME RUN (Flyball, 9D, EV 98.8 MPH), Distance : 387 ft
|
|
Batting: RHB Sadataka Kuwahara
|
0-0: Foul Ball, location: 2F 0-1: Fly out, F7 (Flyball, 78D, EV 86.9 MPH)
|
|
Pinch Hitting: RHB Alexis Andrade
|
0-0: Called Strike 0-1: Swinging Strike 0-2: DOUBLE (Groundball, 5L, EV 108.8 MPH)
|
|
Pinch Hitting: RHB Ed Broomhead
|
0-0: Ground out 5-3 (Groundball, 56, EV 86.3 MPH)
|
|
Batting: LHB Al Hernandez
|
0-0: Fly out, F6 (Popup, 15, EV 75.6 MPH)
|
| Bottom of the 7th over - 1 run, 2 hits, 0 errors, 1 left on base; Miami (APP) 0 - San Francisco (APP) 18 |
| TOP OF THE 8TH |
|
Miami (APP) Marlins batting - Pitching for San Francisco (APP) Giants : LHP Chong-yeol Wong
|
|
Pitching: RHP Corey Cauley
|
|
|
Now at SS: Alexis Andrade
|
|
|
Now in LF: Frank Pena
|
|
|
Now in CF: Ryan Bentz
|
|
|
Batting: RHB Adrian Bocker
|
0-0: Ball 1-0: Called Strike 1-1: Ball 2-1: Called Strike 2-2: Strikes out looking
|
|
Batting: RHB Jason Thrash
|
0-0: Swinging Strike 0-1: Ball 1-1: Foul Ball, location: 2F 1-2: Strikes out swinging
|
|
Batting: RHB Mario Cota
|
0-0: Swinging Strike 0-1: Called Strike 0-2: Ball 1-2: Strikes out swinging
|
| Top of the 8th over - 0 runs, 0 hits, 0 errors, 0 left on base; Miami (APP) 0 - San Francisco (APP) 18 |
| BOTTOM OF THE 8TH |
|
San Francisco (APP) Giants batting - Pitching for Miami (APP) Marlins : LHP Mike Wasson
|
|
Batting: RHB Jason Gregor
|
0-0: Ball 1-0: Called Strike 1-1: Ball 2-1: Ball 3-1: Swinging Strike 3-2: Base on Balls
|
|
Batting: RHB Edwin Verdugo
|
0-0: Fielders Choice at 2nd, 6-4 (Groundball, 6, EV 95.0 MPH)
|
|
Batting: RHB Teruhide Horiuchi
|
0-0: Ball 1-0: Fly out, F7 (Flyball, 78XD, EV 108.1 MPH)
|
|
Batting: RHB Frank Pena
|
0-0: Ball 1-0: Ball 2-0: Ball 3-0: Called Strike 3-1: Base on Balls Edwin Verdugo to second
|
|
Batting: RHB David Andrews
|
0-0: Swinging Strike 0-1: Ball Passed Ball! Edwin Verdugo to third Frank Pena to second 1-1: Foul Ball, location: 2F 1-2: Foul Ball, location: 2F 1-2: Ball 2-2: Ball 3-2: Base on Balls
|
|
Batting: RHB Sadataka Kuwahara
|
0-0: Fly out, F8 (Flyball, 8RD, EV 94.4 MPH)
|
| Bottom of the 8th over - 0 runs, 0 hits, 0 errors, 3 left on base; Miami (APP) 0 - San Francisco (APP) 18 |
| TOP OF THE 9TH |
|
Miami (APP) Marlins batting - Pitching for San Francisco (APP) Giants : RHP Corey Cauley
|
|
Batting: SHB Matt Moore
|
0-0: Called Strike 0-1: Ground out 6-3 (Groundball, 6M, EV 107.5 MPH)
|
|
Batting: RHB Keith Bennett
|
0-0: Called Strike 0-1: Ball 1-1: Foul Ball, location: 2F 1-2: Strikes out swinging
|
|
Batting: RHB Rick Knoblauch
|
0-0: Ball 1-0: Foul Ball, location: 2F 1-1: Ball 2-1: Foul Ball, location: 2F 2-2: Ball 3-2: Strikes out swinging, 2-3 out at first.
|
| Top of the 9th over - 0 runs, 0 hits, 0 errors, 0 left on base; Miami (APP) 0 - San Francisco (APP) 18 |
|